 Dungeon Crawl Stone Soup version 0.30-b1-2-g02819fbbbe (webtiles) character file.

Game seed: 2401325503185025047

94 Mesmaeker13 the Digger (level 4, -1/33 HPs)
             Began as a Demigod Earth Elementalist on June 18, 2023.
             Slain by an orc priest
             ... wielding a +0 flail
              (5 damage)
             ... on level 3 of the Dungeon.
             The game lasted 00:01:55 (1426 turns).

Mesmaeker13 the Digger (Demigod Earth Elementalist) Turns: 1426, Time: 00:01:56

Health: -1/33      AC:  3    Str:  9    XL:     4   Next: 16%
Magic:  3/10       EV: 12    Int: 21    God:
Gold:   64         SH:  0    Dex: 14    Spells: 4/8 levels left

rFire   . . .        d - +0 spear
rCold   . . .        (no shield)
rNeg    . . .        a - +0 robe
rPois   .            (no helmet)
rElec   .            i - +0 cloak
rCorr   .            (no gloves)
SInv    .            (no boots)
Will    .....        (no amulet)
Stlth   ++           (no ring)
HPRegen 0.25/turn    (no ring)
MPRegen 0.12/turn

%: no passive effects
@: no status effects
A: high MP 1, forlorn, divine attributes
a: no special abilities


You were on level 3 of the Dungeon.
You visited 1 branch of the dungeon, and saw 3 of its levels.

You collected 64 gold pieces.

Inventory:

Hand Weapons
 d - a +0 spear (weapon)
Missiles
 g - 6 poisoned darts
Armour
 a - a +0 robe (worn)
 i - a +0 cloak (worn)
Jewellery
 f - an amulet of reflection
Scrolls
 e - a scroll of enchant armour {unknown}
 h - a scroll of teleportation {unknown}
Potions
 b - a potion of magic
 c - 2 potions of heal wounds {unknown}
 j - 3 potions of curing {unknown}
 k - a potion of lignification {unknown}


   Skills:
 + Level 2.8 Dodging
 - Level 1.7 Stealth
 + Level 2.6 Spellcasting
 + Level 0.0 Conjurations
 - Level 0.8 Transmutations
 + Level 3.5 Earth Magic


You had 4 spell levels left.
You knew the following spells:

 Your Spells              Type           Power      Damage    Failure   Level
a - Sandblast             Erth           34%        2d9       3%          1
b - Stone Arrow           Conj/Erth      20%        3d8       21%         3

Your spell library contained the following spells:

 Spells                   Type           Power      Damage    Failure   Level
 Passwall                 Tmut/Erth      9%         N/A       9%          2
 Petrify                  Tmut/Erth      11%        N/A       50%         4
 Summon Ice Beast         Ice/Summ       2%         N/A       80%         4
 Summon Mana Viper        Hex/Summ       2%         N/A       98%         5
 Monstrous Menagerie      Summ           1%         N/A       100%        7


Dungeon Overview and Level Annotations

Branches:
Dungeon (3/15)

Annotations:
D:2 3 exclusions, Sigmund


Innate Abilities, Weirdness & Mutations

You have an increased reservoir of magic. (+10% MP)
You shall have no god before yourself.
Your divine heritage dramatically boosts your attributes as you level up.


Message History

Press: ? - help, Shift-Dir - straight line, f/p - orc priest
Aim: an orc priest, wielding a +0 flail and wearing a +0 scale mail (84% to hit)
The blast of sand hits the orc priest.
The orc priest is lightly wounded.
The orc priest calls down the wrath of Beogh upon you.
You barely resist. The orc barely misses you.
Casting: Sandblast (safe; 3% risk of failure)
Confirm with . or Enter, or press ? or * to list all spells.
The spell is quite dangerous to miscast (21% risk of failure)!
Continue anyway?
Okay, then.
Casting: Stone Arrow (quite dangerous; 21% risk of failure)
Confirm with . or Enter, or press ? or * to list all spells.
Aiming: Sandblast (safe; 3% risk of failure)
Press: ? - help, Shift-Dir - straight line, f/p - orc priest
Aim: an orc priest, wielding a +0 flail and wearing a +0 scale mail (lightly wounded, 84% to hit)
The blast of sand hits the orc priest!
The orc priest is severely wounded.
The orc barely misses you.
The orc priest invokes the aid of Beogh against you.
Pain shoots through your body! The orc closely misses you.
Casting: Sandblast (safe; 3% risk of failure)
Confirm with . or Enter, or press ? or * to list all spells.
Aiming: Sandblast (safe; 3% risk of failure)
Press: ? - help, Shift-Dir - straight line, f/p - orc priest
Aim: an orc priest, wielding a +0 flail and wearing a +0 scale mail (severely wounded, 84% to hit)
The blast of sand misses the orc priest.
The orc closely misses you.
The orc priest hits you with a +0 flail!
The orc closely misses you.
Casting: Sandblast (safe; 3% risk of failure)
Confirm with . or Enter, or press ? or * to list all spells.
Aiming: Sandblast (safe; 3% risk of failure)
Press: ? - help, Shift-Dir - straight line, f/p - orc priest
Aim: an orc priest, wielding a +0 flail and wearing a +0 scale mail (severely wounded, 84% to hit)
The blast of sand hits the orc priest but does no damage.
The orc priest is severely wounded.
The orc hits you with a +0 flail!
* * * LOW HITPOINT WARNING * * *
The orc priest hits you with a +0 flail.
You die...

...............
#.............
#.............
#.............
###.............
#......<#....##.
#.#####.####.##
#####.......##
............o@# .
............oo###....
..............'..ooo#
..............#####.#
..............#
..#########+### ..


You could see an orc priest and 2 orcs.

Vanquished Creatures
  4 gnolls (D:2)
  2 adders (D:2)
  A dart slug (D:1)
  2 orcs
  4 endoplasms
  A giant cockroach (D:1)
  4 goblins
  3 hobgoblins
  3 kobolds (D:1)
  A quokka (D:1)
  3 bats (D:1)
  3 frilled lizards
  4 rats (D:1)
35 creatures vanquished.

Notes
Turn   | Place    | Note
-------+----------+-------------------------------------------
     0 | D:1      | Mesmaeker13 the Demigod Earth Elementalist began the quest
                  | for the Orb.
     0 | D:1      | Reached XP level 1. HP: 14/14 MP: 5/5
   238 | D:1      | Reached XP level 2. HP: 20/20 MP: 5/7
   431 | D:1      | Reached skill level 3 in Earth Magic
   962 | D:2      | Noticed Sigmund
  1009 | D:2      | Reached XP level 3. HP: 5/26 MP: 0/9
  1341 | D:2      | Reached XP level 4. HP: 33/33 MP: 7/10
  1405 | D:3      | Learned a level 3 spell: Stone Arrow
  1426 | D:3      | Slain by an orc priest

Illustrated notes

Levels and vault maps discovered:
D:1:      mushboom_english_gardens, layout_basic
D:2:      layout_loops_corners, basic_altar, uniq_sigmund
D:3:      layout_basic, serial_shops, nicolae_shop_statue_plus, st_stairs_4,
          eino_tiny_chamber, uniq_natasha

Skill      XL: |  1  2 |
---------------+-------+-----
Dodging        | 2 |  2.8
Spellcasting   | 2 |  2.6
Earth Magic    | 3 |  3.5
Stealth        | |  1.7
Transmutations | |  0.8

Action                     |  1- 3 |  4- 6 || total
---------------------------+-------+-------++-------
   Cast: Sandblast         |    48 |    11 ||    59
 Armour: Robe              |     1 |       ||     1
  Dodge: Dodged            |    11 |     7 ||    18
